 Dungeon Crawl Stone Soup version bcrawl-1.40.3b (webtiles) character file.

Game seed: 6071970982592088566

115867 Amelense the Caller (level 3, 0/26 HPs)
             Began as a Human Wanderer on Feb 6, 2024.
             Succumbed to a scorpion's poison
             ... on level 1 of the Dungeon.
             The game lasted 00:08:24 (1167 turns).

Amelense the Caller (Human Wanderer)                Turns: 1167, Time: 00:08:24

Health: 0/26       AC:  2    Str: 13    XL:     3   Next: 67%
Magic:  4/7        EV: 11    Int: 13    God:
Gold:   56         SH:  0    Dex: 11    Spells: 6/7 levels left

rFire    . . .     GDR:     23% d - +0 short sword
rCold    . . .     SeeInvis .   (no shield)
rNeg     . . .     Gourm    .   f - +0 robe
rPois    .         Faith    .   (no helmet)
rElec    .         Spirit   .   (no cloak)
rCorr    .         Reflect  .   (no gloves)
MR       .....                  (no boots)
Stlth    +.........             (no amulet)
HPRegen  0.14/turn              (no ring)
MPRegen  0.10/turn              (no ring)

@: lethally poisoned (0 -> -4), very slightly contaminated, hasted, very quick
A: no striking features
a: no special abilities


You were on level 1 of the Dungeon.
You were not hungry.

You visited 1 branch of the dungeon, and saw 2 of its levels.

You collected 56 gold pieces.

Inventory:

Hand Weapons
 a - a +2 dagger
 d - a +0 short sword (weapon)
Missiles
 b - 56 poisoned tomahawks (quivered)
Armour
 f - a +0 robe (worn)
Scrolls
 g - a scroll of teleportation
 i - a scroll of identify
Potions
 c - a potion of berserk rage
 l - a potion of experience {unknown}
Comestibles
 e - 3 rations {!d}


   Skills:
 * Level 1.1 Fighting
 + Level 1.1 Short Blades
 + Level 2.7 Throwing
 + Level 1.1 Dodging
 * Level 2.7 Spellcasting
 * Level 2.9 Summonings
   Level 1.1 Ice Magic


You had 6 spell levels left.
You knew the following spells:

 Your Spells              Type           Power        Failure   Level  Hunger
a - Summon Small Mammal   Summ           #...         7%          1    None

Your spell library contained the following spells:

 Spells                   Type           Power        Failure   Level  Hunger
 Call Imp                 Summ           #.....       11%         2    ##.....
 Call Canine Familiar     Summ           #.......     22%         3    ####...
 Summon Ice Beast         Ice/Summ       #.......     71%         4    #####..
 Summon Lightning Spire   Summ/Air       #.......     98%         5    #######


Dungeon Overview and Level Annotations

Branches:
Dungeon (2/12)

Altars:
Kikubaaqudgha


Message History

Casting: Summon Small Mammal (safe; 7% risk of failure)
Confirm with . or Enter, or press ? or * to list all spells.
You don't know that spell.
Unknown command.
* * * LOW HITPOINT WARNING * * *
You feel sick.
Casting: Summon Small Mammal (safe; 7% risk of failure)
Confirm with . or Enter, or press ? or * to list all spells.
The scorpion closely misses you.
It was a potion of haste.
You feel yourself speed up.
* * * LOW HITPOINT WARNING * * *
You feel sick. The scorpion stings you.
* * * LOW HITPOINT WARNING * * *
Casting: Summon Small Mammal (safe; 7% risk of failure)
Confirm with . or Enter, or press ? or * to list all spells.
* * * LOW HITPOINT WARNING * * *
You feel sick.
Your rat bites the scorpion but does no damage.
Your rat bites the scorpion.
You die...

############### ####
#........######
...###########........######
...'............>.....######
...#####.#####........######
.........#####...r....######
###.###.....##..s.....######
#รท# #.....##........######
#.# #.....##..@r....######
#.###.....##............##
#.#....#####............#
#.#.#.## #............#
###.#.#.# #............#
....#.#.# #............#
#####.#.######......(.....#
.............'.....().....#
#######)######............#


You could see a scorpion and 2 friendly rats.

Vanquished Creatures
  A dart slug (D:1)
  2 leopard geckos (D:1)
  A giant cockroach (D:1)
  3 hobgoblins (D:1)
  2 kobolds (D:1)
  A quokka (D:1)
  A ball python (D:1)
  2 bats (D:1)
  A frilled lizard (D:1)
  2 goblins (D:1)
  A rat (D:1)
17 creatures vanquished.

Vanquished Creatures (collateral kills)
  A worm (D:1)
  2 leopard geckos (D:1)
  3 goblins (D:1)
  A hobgoblin (D:1)
  2 kobolds (D:1)
  2 rats (D:1)
11 creatures vanquished.

Grand Total: 28 creatures vanquished

Notes
Turn   | Place    | Note
-------+----------+-------------------------------------------
     0 | D:1      | Amelense the Human Wanderer began the quest for the Orb.
     0 | D:1      | Amelense set off with the following items: a +2 dagger, 56
                  | poisoned tomahawks, a potion of berserk rage, a ration
                  | {!d}, a +0 robe; and the following spell memorised: Summon
                  | Small Mammal; and the following spells available to
                  | memorise: Call Imp, Call Canine Familiar, Summon Ice Beast,
                  | Summon Lightning Spire
     0 | D:1      | Reached XP level 1. HP: 15/15 MP: 3/3
    65 | D:1      | Reached XP level 2. HP: 17/21 MP: 1/5
   314 | D:1      | Found an ancient bone altar of Kikubaaqudgha.
   392 | D:1      | Reached XP level 3. HP: 6/26 MP: 1/6
  1152 | D:2      | Noticed a scorpion
  1165 | D:1      | HP: 1/26 [poisoned by a scorpion]
  1167 | D:1      | Succumbed to a scorpion's poison

Action                   || total
-------------------------++-------
Melee: Short sword       ||    65
       Dagger            ||     4
 Cast: Summon Small Mamm ||    54
  Use: Scroll            ||     3
       Potion            ||     1
  Eat: Chunk             ||     4
Armor: Robe              ||    18
Dodge: Dodged            ||    47
